 Dungeon Crawl Stone Soup version 0.25.1-2-g60ff931df9 (webtiles) character file.

Game seed: 434419333060102955

21494 lorenzova the Eclecticist (level 12, -3/59 HPs)
             Began as a Deep Elf Conjurer on Oct 13, 2020.
             Was an Elder of Vehumet.
             Slain by a slime creature (15 damage)
             ... in a Gauntlet.
             The game lasted 00:37:36 (17229 turns).

lorenzova the Eclecticist (Deep Elf Conjurer)      Turns: 17229, Time: 00:37:37

Health: -3/59      AC:  5    Str:  7    XL:     12   Next: 54%
Magic:  1/33       EV: 13    Int: 26    God:    Vehumet [****..]
Gold:   734        SH:  0    Dex: 15    Spells: 22/42 levels left

rFire    . . .     SeeInvis +   K - +1 falchion of Xeet {holy, rC+}
rCold    . . .     Gourm    .   (no shield)
rNeg     . . .     Faith    .   R - +0 robe of Hamiorph {rC- MR+ Str+2} (curse)
rPois    +         Spirit   .   I - +2 helmet
rElec    .         Reflect  .   T - scarf {repulsion}
rCorr    .         Harm     .   (no gloves)
MR       ++...     NoTele   +   (no boots)
Stlth    ++........             o - amulet of the acrobat
HPRegen  0.19/turn              x - ring of poison resistance
MPRegen  0.23/turn              M - ring of see invisible

@: repel missiles
A: no striking features
a: Renounce Religion


You were in a Gauntlet.
You worshipped Vehumet.
Vehumet was greatly pleased with you.
You were near starving.

You visited 2 branches of the dungeon, and saw 14 of its levels.
You also visited: Gauntlet.

You collected 790 gold pieces.
You spent 56 gold pieces at shops.

Inventory:

Hand Weapons
 K - the +1 falchion of Xeet (weapon) {holy, rC+}
   (You found it on level 8 of the Dungeon)

   It has been blessed by the Shining One to cause great damage to the undead
   and demons.
   It protects you from cold.
Armour
 e - a scarf of repulsion
 u - a +0 cloak
 C - a +1 ring mail of positive energy
 H - +0 steam dragon scales
 I - a +2 helmet (worn)
 R - the cursed +0 robe of Hamiorph (worn) {rC- MR+ Str+2}
   (You found it on level 13 of the Dungeon)

   It affects your strength (+2).
   It makes you vulnerable to cold.
   It affects your resistance to hostile enchantments.
   It has a curse placed upon it.
 T - a scarf of repulsion (worn)
Jewellery
 b - the amulet "Ymukocig" {Spirit *Slow rF++}
   (You found it on level 4 of the Dungeon)

   [amulet of guardian spirit]

   It causes incoming damage to be split between your health and magic.
   It greatly protects you from fire.
   It may slow you when you take damage.
 o - an amulet of the acrobat (around neck)
 s - a +4 ring of slaying
 x - a ring of poison resistance (left hand)
 G - a +4 ring of evasion
 M - a ring of see invisible (right hand)
 P - an uncursed ring of stealth
 Q - an uncursed ring of ice
Wands
 a - a wand of iceblast (4)
 r - a wand of flame (20)
 D - a wand of acid (10)
 N - a wand of paralysis (13)
 O - a wand of digging (7)
 S - a wand of clouds (6)
Scrolls
 f - 6 scrolls of teleportation
 i - 3 scrolls of amnesia
 j - 3 scrolls of blinking
 m - 3 scrolls of enchant armour
 p - a scroll of magic mapping
 w - 2 scrolls of fear
 A - a scroll of torment
 L - 2 scrolls of remove curse
Potions
 d - a potion of haste
 g - 3 potions of heal wounds
 h - 3 potions of cancellation
 k - a potion of invisibility {unknown}
 l - 2 potions of lignification {unknown}
 n - 3 potions of stabbing
 q - 4 potions of flight
 t - a potion of degeneration {unknown}
 v - 4 potions of mutation
 z - 4 potions of brilliance
 B - 3 potions of curing
 E - a potion of might {unknown}
Comestibles
 c - 25 rations


   Skills:
 - Level 2.4 Dodging
 - Level 2.4 Stealth
 * Level 15.5 Spellcasting
 * Level 13.7 Conjurations
 + Level 8.3 Hexes
 + Level 3.2 Charms
 - Level 6.0 Translocations
 * Level 8.8 Fire Magic


You had 22 spell levels left.
You knew the following spells:

 Your Spells              Type           Power        Failure   Level  Hunger
a - Magic Dart            Conj           ####         0%          1    None
b - Iskenderun's Battles  Conj/Chrm      ######..     1%          5    None
c - Iskenderun's Mystic   Conj/Tloc      ######..     1%          4    None
d - Fulminant Prism       Conj/Hex       ######....   1%          4    None
e - Foxfire               Conj/Fire      ####         1%          1    None
x - Conjure Flame         Conj/Fire      ######..     1%          3    None
z - Searing Ray           Conj           ######       0%          2    None

Your spell library contained the following spells:

 Spells                   Type           Power        Failure   Level  Hunger
 Apportation              Tloc           ######       1%          1    None
 Corona                   Hex            ######.      1%          1    None
 Ensorcelled Hibernation  Hex/Ice        #####.       1%          2    None
 Confusing Touch          Hex            ######..     1%          3    None
 Dazzling Flash           Conj/Hex       ######       1%          3    None
 Lesser Beckoning         Tloc           ######....   1%          3    None
 Mephitic Cloud           Conj/Pois/Air  #####...     1%          3    None
 Tukima's Dance           Hex            ######..     1%          3    None
 Beastly Appendage        Tmut           ###...       2%          1    None
 Summon Butterflies       Summ           ###.....     2%          1    None
 Poisonous Vapours        Pois/Air       ###...       4%          2    None
 Sticks to Snakes         Tmut           ###.....     4%          2    None
 Conjure Ball Lightning   Conj/Air       ######....   7%          6    ####...
 Spider Form              Tmut/Pois      ###.......   8%          3    None
 Silence                  Hex/Air        #####.....   13%         5    None
 Invisibility             Hex            ######..     13%         6    ####...
 Freezing Cloud           Conj/Ice/Air   #####.....   16%         6    ####...
 Ice Form                 Ice/Tmut       ###.....     26%         4    None
 Summon Lightning Spire   Summ/Air       ###.....     26%         4    None
 Alistair's Intoxication  Tmut/Pois      ###.....     58%         5    None
 Blade Hands              Tmut           ###.......   58%         5    None
 Ring of Flames           Chrm/Fire      ######....   88%         7    #####..
 Tornado                  Air            ###.......   100%        9    #######


Dungeon Overview and Level Annotations

Branches:
Dungeon (13/15)            Temple (0/1) D:5            Lair (1/6) D:11
    Orc (0/2) D:11        Gauntlet (1/1)
 Vaults: D:13-14

Altars:
Elyvilon
Nemelex Xobeh
Qazlal
Ru
Trog
Vehumet
Yredelemnul

Shops:
D:12 *

Portals:
Abyss: D:4

Annotations:
D:4 2 transporters, tevior's ghost, amateur DrTm
D:6 1 runed translucent door, Zeloya's ghost, novice KoWn Gauntlet 12 transporters, 1 runed translucent door, exclusion: oklob plant


Message History

Casting: Magic Dart (safe; 0% risk of failure)
Confirm with . or Enter, or press ? or * to list all spells.
Aiming: Magic Dart (safe; 0% risk of failure)
Press: ? - help, Shift-Dir - straight line, f/p - slime creature
Aim: a slime creature (heavily wounded)
The magic dart hits the slime creature!
The slime creature is severely wounded.
Your battlesphere fires!
The barrage of energy hits the slime creature!!
The slime creature is almost dead.
Unknown command.
You are near starving!
The eye of draining changes into a blink frog!
The ogre changes into a porcupine!
You hit the slime creature.
The slime creature is almost dead.
The slime creature hits you!
* * * LOW HITPOINT WARNING * * *
The slime creature hits you!
You die...

*** ###,* ############# #§###
###≈#≈#≈#≈#≈#≈# §§#§###
###≈#...........## .§..#≈#
#≈#............§≈# ##....###
###....#########..## .#.....≈#
#≈.....#.+...#©#..≈# .####§§##
##..####.###.#.#..## .#..#.§§#
#§..#.@#...#...#..≈# .#©.#..##
##..#.J###.#####©.##
.#..#..≈###≈..#..#y#.....#..≈#
u#..#..##§##..#*J#F#####.#..##
G#..#.........#..#r.?....#..≈#
##..#.........#..#########..###
.#..###########..#...........§#
##..##.......4#..#########..§##
Z#..#©######^.#..#..8#8..#.∩.§#


You could see a spark wasp shaped shifter, 2 slime creatures, an orange demon, a
blink frog shaped shifter, a porcupine shaped shifter and a friendly
battlesphere.

Vanquished Creatures
  3 hydras (D:13)
  3 two-headed ogres
  A centaur warrior (D:13)
  Nergalle (D:11)
  Urug (D:10)
  A fire crab (shapeshifter) (D:13)
  An unseen horror (D:12)
  Pikel (D:6)
  A cyclops (D:12)
  4 ugly things
  2 gargoyles
  Maggie (D:8)
  A queen bee (D:8)
  4 trolls
  A wyvern (D:8)
  3 basilisks (D:11)
  14 yaks
  3 hungry ghosts
  8 vampire mosquitoes (D:13)
  Menkaure (D:5)
  A soldier ant (D:10)
  Duvessa (D:5)
  A water moccasin (D:10)
  2 porcupines (D:11)
  3 orc warriors
  5 ice beasts
  A phantom (D:10)
  4 black bears
  A necrophage (D:10)
  6 ogres
  A sky beast (D:13)
  4 wolves
  10 centaurs
  A crocodile (D:11)
  A big kobold (D:9)
  5 bullfrogs
  Dowan (D:5)
  2 scorpions
  A wyvern skeleton (D:13)
  13 killer bees (D:8)
  4 crimson imps
  2 bullfrog zombies
  A quasit (D:8)
  5 jellies
  5 orc priests
  Crazy Yiuf (D:6)
  6 hounds
  2 centaur skeletons
  7 iguanas
  8 orc wizards
  5 worker ants
  A statue (D:4)
  A hound skeleton (D:6)
  2 worker ant zombies (D:6)
  7 gnolls
  8 adders
  4 shadow imps
  An ooze (D:7)
  An adder zombie (D:9)
  2 worms
  A dart slug (D:1)
  9 leopard geckos
  20 orcs
  3 giant cockroaches
  4 goblins
  11 hobgoblins
  7 kobolds
  9 quokkas
  2 ball pythons
  6 bats
  3 frilled lizards
  A leopard gecko zombie (D:6)
  A quokka skeleton (D:5)
  A quokka zombie (D:7)
  10 rats
280 creatures vanquished.

Vanquished Creatures (others)
  4 orcs (D:6)
  103 fulminant prisms
107 creatures vanquished.

Grand Total: 387 creatures vanquished

Notes
Turn   | Place    | Note
-------+----------+-------------------------------------------
     0 | D:1      | lorenzova the Deep Elf Conjurer began the quest for the
                  | Orb.
     0 | D:1      | Reached XP level 1. HP: 10/10 MP: 6/6
   484 | D:1      | Reached XP level 2. HP: 15/15 MP: 3/8
  1182 | D:2      | Reached skill level 4 in Spellcasting
  1182 | D:2      | Reached skill level 5 in Conjurations
  1182 | D:2      | Reached XP level 3. HP: 19/19 MP: 4/10
  1343 | D:2      | Found a faded altar of an unknown god.
  1606 | D:2      | Learned a level 2 spell: Searing Ray
  1942 | D:2      | Reached XP level 4. HP: 24/24 MP: 6/12
  2199 | D:3      | Reached skill level 5 in Spellcasting
  2341 | D:3      | Found a sparkling altar of Nemelex Xobeh.
  2478 | D:3      | Found a basalt altar of Yredelemnul.
  2639 | D:4      | Got a warped zirconium amulet
  2689 | D:4      | Found a one-way gate to the infinite horrors of the Abyss.
  2689 | D:4      | Noticed tevior's ghost (amateur DrTm)
  2690 | D:4      | Found a transporter.
  2690 | D:4      | Identified the +8 halberd of Komoits {distort, *Drain rElec
                  | rC+ Str+4}
  2697 | D:4      | Found a white marble altar of Elyvilon.
  2727 | D:4      | Noticed a small abomination
  2745 | D:4      | Found a transporter.
  2850 | D:4      | Reached XP level 5. HP: 28/28 MP: 8/15
  3032 | D:4      | Found a radiant altar of Vehumet.
  3034 | D:4      | Noticed a frost-covered statue
  3042 | D:4      | Killed a frost-covered statue
  3042 | D:4      | Reached skill level 6 in Spellcasting
  3097 | D:4      | Became a worshipper of Vehumet
  3147 | D:4      | Found a sacrificial altar of Ru.
  3482 | D:4      | Identified the amulet "Ymukocig" {Spirit *Slow rF++} (You
                  | found it on level 4 of the Dungeon)
  3505 | D:5      | Entered Level 5 of the Dungeon
  3505 | D:5      | Noticed Menkaure
  3511 | D:5      | Killed Menkaure
  3511 | D:5      | Reached XP level 6. HP: 17/32 MP: 8/17
  3733 | D:5      | Reached skill level 7 in Spellcasting
  3844 | D:5      | Found a staircase to the Ecumenical Temple.
  4134 | D:5      | Found a stormy altar of Qazlal.
  4158 | D:5      | Noticed Duvessa
  4169 | D:5      | Noticed Dowan
  4172 | D:5      | Killed Duvessa
  4172 | D:5      | Reached XP level 7. HP: 36/36 MP: 11/20
  4176 | D:5      | Killed Dowan
  4703 | D:6      | Noticed Pikel
  4806 | D:6      | Reached skill level 8 in Spellcasting
  5060 | D:6      | Reached skill level 9 in Spellcasting
  5219 | D:6      | Reached XP level 8. HP: 21/41 MP: 15/23
  5493 | D:6      | Found a runed translucent door.
  5493 | D:6      | Noticed Zeloya's ghost (novice KoWn)
  5546 | D:6      | Killed Pikel
  5546 | D:6      | Reached skill level 10 in Spellcasting
  5859 | D:6      | Found a runed translucent door.
  5860 | D:6      | Noticed Crazy Yiuf
  6104 | D:6      | Killed Crazy Yiuf
  6319 | D:7      | Reached skill level 10 in Conjurations
  6495 | D:7      | You fall into a shaft and drop 2 floors!
  6526 | D:9      | Found a bloodstained altar of Trog.
  6540 | D:8      | Reached skill level 11 in Spellcasting
  6574 | D:8      | Reached XP level 9. HP: 45/45 MP: 20/26
  6580 | D:8      | Learned a level 4 spell: Iskenderun's Mystic Blast
  6585 | D:8      | Learned a level 4 spell: Fulminant Prism
  6596 | D:8      | Reached * piety under Vehumet
  6596 | D:8      | Offered knowledge of Sandblast by Vehumet.
  6631 | D:8      | Reached skill level 1 in Hexes
  6676 | D:8      | Reached skill level 1 in Translocations
  6899 | D:8      | Got an ivory falchion
  6910 | D:8      | Identified the +1 falchion of Xeet {holy, rC+} (You found
                  | it on level 8 of the Dungeon)
  7078 | D:8      | Found a sacrificial altar of Ru.
  7179 | D:8      | Noticed a queen bee
  7195 | D:8      | Killed a queen bee
  7381 | D:8      | Reached skill level 12 in Spellcasting
  7947 | D:7      | Offered knowledge of Foxfire by Vehumet.
  7950 | D:7      | Learned a level 1 spell: Foxfire
  8063 | D:7      | Reached ** piety under Vehumet
  8690 | D:8      | Reached skill level 1 in Fire Magic
  8858 | D:8      | Noticed Maggie
  8869 | D:8      | Killed Maggie
  8869 | D:8      | Reached XP level 10. HP: 50/50 MP: 17/28
  9972 | D:10     | Entered Level 10 of the Dungeon
  9972 | D:10     | Noticed a two-headed ogre
  9981 | D:10     | Killed a two-headed ogre
 10304 | D:10     | Noticed Urug
 10612 | D:10     | Reached skill level 13 in Spellcasting
 10626 | D:10     | Killed Urug
 10626 | D:10     | Reached skill level 5 in Hexes
 11405 | D:10     | Offered knowledge of Static Discharge by Vehumet.
 11688 | D:11     | Noticed Nergalle
 11691 | D:11     | Reached skill level 5 in Fire Magic
 11697 | D:11     | Killed Nergalle
 11697 | D:11     | Reached XP level 11. HP: 54/54 MP: 14/30
 11906 | D:11     | Reached *** piety under Vehumet
 12148 | D:11     | Reached skill level 5 in Translocations
 12164 | D:11     | Offered knowledge of Inner Flame by Vehumet.
 12675 | D:11     | Reached skill level 14 in Spellcasting
 12779 | D:11     | Found a staircase to the Lair.
 12823 | D:11     | Found a staircase to the Orcish Mines.
 13606 | D:12     | Noticed a two-headed ogre
 13621 | D:12     | Killed a two-headed ogre
 13704 | D:12     | Noticed a brown ugly thing
 13717 | D:12     | Killed a brown ugly thing
 13993 | D:12     | Noticed a red ugly thing
 14004 | D:12     | Killed a red ugly thing
 14113 | D:12     | Killed an unseen horror
 14529 | D:12     | Found Ykahaxos's General Store.
 14536 | D:12     | Reached **** piety under Vehumet
 14624 | D:12     | Bought a scroll of amnesia for 56 gold pieces
 14955 | D:13     | Noticed a purple ugly thing
 15014 | D:13     | Noticed a two-headed ogre
 15190 | D:13     | Killed a purple ugly thing
 15371 | D:13     | Got a sheer robe
 15382 | D:13     | Identified the cursed +0 robe of Hamiorph {rC- MR+ Str+2}
                  | (You found it on level 13 of the Dungeon)
 15434 | D:13     | Offered knowledge of Iskenderun's Battlesphere by Vehumet.
 15441 | D:13     | Learned a level 5 spell: Iskenderun's Battlesphere
 15643 | D:13     | Reached XP level 12. HP: 59/59 MP: 26/32
 15691 | D:13     | Noticed a five-headed hydra
 15703 | D:13     | Killed a five-headed hydra
 15952 | D:13     | Reached skill level 15 in Spellcasting
 16011 | D:13     | Killed a two-headed ogre
 16011 | D:13     | Reached skill level 1 in Charms
 16095 | D:13     | Noticed a five-headed hydra
 16101 | D:13     | Killed a five-headed hydra
 16149 | D:13     | Noticed an eight-headed hydra
 16149 | D:13     | Noticed a centaur warrior
 16260 | D:13     | Killed a centaur warrior
 16276 | D:13     | Killed an eight-headed hydra
 16803 | D:13     | Learned a level 3 spell: Conjure Flame
 16874 | Lair:1   | Entered Level 1 of the Lair of Beasts
 16874 | Lair:1   | Found a gate leading to a gauntlet.
 16891 | Gauntlet | Entered a Gauntlet
 16891 | Gauntlet | Found a transporter.
 16891 | Gauntlet | Found a transporter.
 16904 | Gauntlet | Found a transporter.
 16916 | Gauntlet | Noticed a green death
 16920 | Gauntlet | Found a transporter.
 16920 | Gauntlet | Found a transporter.
 16924 | Gauntlet | Found a transporter.
 16924 | Gauntlet | Found a transporter.
 16947 | Gauntlet | Noticed a dire elephant
 16949 | Gauntlet | Found a transporter.
 16963 | Gauntlet | Found a transporter.
 16976 | Gauntlet | Found a transporter.
 16981 | Gauntlet | Found a transporter.
 17010 | Gauntlet | Found a transporter.
 17015 | Gauntlet | Found a transporter.
 17016 | Gauntlet | Found a runed translucent door.
 17031 | Gauntlet | Found a transporter.
 17207 | Gauntlet | HP: 2/59 [slime creature (14)]
 17211 | Gauntlet | Noticed a spark wasp
 17211 | Gauntlet | a slime creature changed into a spark wasp
 17229 | Gauntlet | Slain by a slime creature

Illustrated notes

Levels and vault maps discovered:
D:1:      ebering_trefoil_twist, layout_basic, minmay_misc_feat_room,
          minmay_misc_feat_enclosed
D:2:      layout_rooms, chequers_ecumenical_altar_simple_redux
D:3:      layout_basic, nemelex_altar_shiori, yredelemnul_altar_generic,
          first_ration
D:4:      layout_loops_ring, lemuel_round_altar, vehumet_statue,
          gammafunk_ghost_abyssal_escape, elyvilon_altar_4
D:5:      layout_cave_pods, overflow_temple_1_default, minmay_temple_entry_mist,
          uniq_duvessa, uniq_menkaure
D:6:      layout_loops_cross, ebering_ghost_inner_flame,
          uniq_crazy_yiuf_cottage, uniq_pikel
D:7:      layout_gridville
D:8:      layout_cave_pods, david_nohive_1, nicolae_ru_great_annihilating_truth,
          uniq_maggie
D:9:      layout_basic, bloody_trog, kennysheep_generic_room_6
D:10:     layout_rooms, uniq_urug
D:11:     layout_irregular_city, minmay_lair_entry_grove, orc_0_dummy,
          uniq_nergalle
D:12:     layout_basic, serial_shops, shop
D:13:     layout_loops_ring, abandoned_shop, minmay_checkerbox
Lair:1:   layout_cave_pods, gauntlet_entry_generic
Gauntlet: gammafunk_gauntlet_mixed_choke_point
          [minmay_gauntlet_arena_77_checkered,
          minmay_gauntlet_arena_77_terracotta_army,
          minmay_gauntlet_arena_77_path, gammafunk_gauntlet_arena_spirals,
          minmay_gauntlet_arena_77_braids,
          minmay_gauntlet_arena_77_radiant_squares,
          minmay_gauntlet_arena_77_double_cross, gauntlet_exit_watery]

Skill      XL: |  1  2  3  4  5  6  7  8  9 10 11 12 |
---------------+-------------------------------------+-----
Spellcasting   | 4 5 6 7 9 11 12 13 14 15 | 15.5
Conjurations   | 5 6 7 8 10 11 12 13 | 13.7
Hexes          | 4 5 7 8 |  8.3
Translocations | 3 4 6 |  6.0
Fire Magic     | 1 5 7 8 |  8.8
Charms         | 3 |  3.2
Dodging        | |  2.4
Stealth        | |  2.4

Action                   |  1- 3 |  4- 6 |  7- 9 | 10-12 || total
-------------------------+-------+-------+-------+-------++-------
Melee: Falchion          |       |       |     2 |     9 ||    11
 Cast: Magic Dart        |    82 |    65 |   121 |   124 ||   392
       Searing Ray       |     1 |    12 |    58 |    53 ||   124
       Fulminant Prism   |       |       |       |   105 ||   105
       Iskenderun's Myst |       |       |       |    15 ||    15
       Iskenderun's Batt |       |       |       |    18 ||    18
  Use: Scroll            |       |     4 |     6 |    12 ||    22
       Potion            |       |       |       |     3 ||     3
  Eat: Chunk             |     3 |     7 |    13 |    15 ||    38
       Ration            |       |       |       |     3 ||     3
Armor: Robe              |     1 |       |     6 |     1 ||     8
       Steam dragon scal |       |       |       |    16 ||    16
Dodge: Dodged            |     5 |    14 |    65 |   111 ||   195
       Rpst.: Falchion   |       |       |    10 |    22 ||    32
